[Event "*** SCC Grand Prix: Titled Tuesday Blitz"]
[Site "Chess.com"]
[Date "2020.06.23"]
[Round "6"]
[White "Poghosyan_Suren"]
[Black "Shahinyan_ChessMood"]
[Result "1/2-1/2"]
[WhiteElo "2454"]
[BlackElo "2607"]
[TimeControl "180+1"]
[EndTime "11:08:40 PDT"]
[Termination "Game drawn by stalemate"]

1. d4 Nf6 2. c4 c5 3. e3 g6 4. Nc3 Bg7 5. Nf3 O-O 6. Be2 cxd4 7.
Nxd4 Nc6 8. O-O a6 9. Bf3 Qb6 10.
b3 d6 11. Bb2 Bd7 12. Re1 Rfc8 13. Rc1 Ne5 14. Nd5 Nxd5 15. Bxd5 e6 16. Bf3 Nxf3+ 17. Qxf3 e5 18. c5 e4 19. cxb6 exf3 20. gxf3 Bxd4 21. Bxd4 Bc6 22. e4 d5 23. exd5 Bxd5 24. Rc7 Bxf3 25.
Ree7 Bd5 26. h4 h5 27. Bf6 Rf8 28. f4 Rae8 29. Kf2 Rxe7 30. Bxe7 Re8 31. Ke3 f6 32. Kd4 Kf7 33. Bd6+ Ke6 34. Bc5 Bg2 35. Ke3 Kf5+ 36. Kf2 Bh1 37. Be3 Be4 38. Rc5+ Kg4 39. Bd4 f5 40. Be3 Kxh4 41. Rc7 Rg8 42. Rc1 Kh3 43. Rg1 h4 44. Rg5 Rc8 45. Bd2 Rc2 46. Ke3 Rxa2 47.
Rxg6 Ra3 48. Rh6 Rxb3+ 49. Kf2 Rb2 50. Ke3 Rxd2 51. Kxd2 Kg3 52. Ke3 Bf3 53. Rh7 h3 54.
Rg7+ Bg4 55. Rxb7 h2 56. Rh7 Bh3 57. Rxh3+ Kxh3 58. b7 h1=Q 59. b8=Q Qe4+ 60. Kf2 Qc2+ 61. Ke3 Qe4+ 62. Kf2 Kg4 63. Qg8+ Kxf4 64. Qb8+ Qe5 65. Qb6 Qe4 66. Qxa6 Qe3+ 67. Kg2 Qf3+ 68. Kg1 Qg3+ 69.
Kf1 Qh3+ 70. Kg1 Qe3+ 71. Kf1 Kg5 72. Kg2 Qe4+ 73. Kf2 f4 74. Qb5+ Kh4 75. Qd7 Qe3+ 76. Kf1 Qf3+ 77. Kg1 Qg3+ 78. Kf1 Qf3+ 79. Kg1 Qe3+ 80.
Kf1 f3 81. Qh7+ Kg3 82. Qg6+ Kf4 83. Qh6+ Ke4 84. Qxe3+ Kxe3 85. Ke1 f2+ 86. Kf1 Kf3 1/2-1/2

[Event "*** SCC Grand Prix: Titled Tuesday Blitz"]
[Site "Chess.com"]
[Date "2020.06.23"]
[Round "6"]
[White "StephenDedalus83"]
[Black "Bigfish1995"]
[Result "1-0"]
[WhiteElo "2778"]
[BlackElo "3028"]
[TimeControl "180+1"]
[EndTime "11:08:55 PDT"]
[Termination "StephenDedalus83 won by resignation"]

1. e4 e5 2. Nf3 Nc6 3. Bb5 Nf6 4. O-O Nxe4 5. d4 Nd6 6. Bxc6 dxc6 7. dxe5 Nf5 8. Qxd8+ Kxd8 9. Rd1+ Ke8 10. h3 Ne7 11.
Bf4 Ng6 12. Bg3 Be7 13. Nc3 Nf8 14. Nd4 h5 15. f4 h4 16. Bf2 Rh5 17. Nce2 a6 18.
Rd2 c5 19. Nf3 Bf5 20. g4 Be4 21. gxh5 Bxf3 22. h6 gxh6 23. Be3 Ne6 24. Kf2 Be4 25. Nc3 Bf5 26. Nd5 Rd8 27. Rg1 Kf8 28. Nf6 Rxd2+ 29. Bxd2 Ng7 30. Be3 b6 31. c3 Bxh3 32. Rh1 Be6 33.
Rxh4 Nf5 34. Rh1 Bxf6 35. exf6 Bxa2 36. Rd1 Ke8 37. Kf3 Be6 38. Bf2 a5 39. Ke4 Nd6+ 40.
Kf3 Kd7 41. Be3 Kc6 42. Bc1 h5 43. Kg3 Ne4+ 44. Kh4 Nxf6 45. Kg5 Ne4+ 46. Kh4 Bg4 47. Rd8 f5 48. Be3 a4 49. Ra8 Kb5 50. Ra7 c6 51. Ra8 Nd6 52. Bc1 Nc4 53. Kg5 Na5 54. Rb8 Nb3 55.
Be3 Ka6 56. Ra8+ Kb5 57. Rb8 Na5 58. Ra8 Nc4 59. Bc1 Nd6 60. Kh4 Ne4 61. Be3 Be2 62.
Bc1 Bd1 63. Be3 Kc4 64. Rb8 b5 65. Rb6 Kb3 66. Rxc6 Kxb2 67. Bxc5 Nxc5 68. Rxc5 Bg4 69. Rxb5+ Kxc3 70. Ra5 Kb4 71. Ra8 a3 72. Rb8+ Kc3 73. Ra8 Kb2 74. Rb8+ Kc2 75. Ra8 Kb3 76. Rb8+ Ka2 77.
Ra8 Kb2 78. Rb8+ Ka1 79. Ra8 a2 80. Rb8 Bf3 81. Kg5 Bg4 82. Rb6 h4 83. Kxh4 Bf3 84.
Kg5 Be4 85. Kf6 Bd3 86. Ke5 Be4 87. Kd4 Bb1 88. Kc3 Be4 89. Rd6 Bf3 90. Rb6 Be4 91. Kd2 Bd5 92. Kc1 Be4 93. Re6 Bd5 94. Re1 Be4 95.
Rd1 Bf3 96. Re1 Be4 97. Rg1 Bf3 98. Kc2+ 1-0

[Event "*** SCC Grand Prix: Titled Tuesday Blitz"]
[Site "Chess.com"]
[Date "2020.06.23"]
[Round "6"]
[White "Paladin61"]
[Black "rasmussvane"]
[Result "0-1"]
[WhiteElo "2543"]
[BlackElo "2879"]
[TimeControl "180+1"]
[EndTime "11:08:59 PDT"]
[Termination "rasmussvane won by resignation"]

1. d4 d5 2. c4 e6 3. Nf3 a6 4. Bg5 Be7 5. Bxe7 Nxe7 6. Nbd2 O-O 7. g3 dxc4 8. Nxc4 b5 9. Nce5 Bb7 10. Bg2 Nd7 11. Nd3 Rc8 12. b4 Ng6 13. O-O Qf6 14. e3 Ra8 15. Rc1 Rfc8 16. Qe2 a5 17. a3 Bd5 18. Nd2 Bxg2 19. Kxg2 e5 20. d5 Qd6 21. e4 c6 22. dxc6 Rxc6 23. Rxc6 Qxc6 24. Rc1 Qe6 25. Nc5 Nxc5 26. Rxc5 axb4 27. axb4 Ra2 28. Rxb5 h6 29.
Rd5 Ne7 30. Rd8+ Kh7 31. Qc4 Nc6 32. Qxe6 fxe6 33. Rd6 Nxb4 34. Nf3 Re2 35. Nxe5 Rxe4 36. Nf3 Nd5 37. Ra6 Kg6 38. Kf1 Kf6 39. Ra1 Rb4 40. Re1 g5 41. h3 Rb2 42. Re2 Rb3 43. Kg2 Ra3 44. Re1 Ra4 45. Re2 Ne7 46. Re1 Nf5 47.
Re2 h5 48. Re1 Ra2 49. Kf1 Ra3 50. Kg2 Rb3 51. Ng1 g4 52. hxg4 hxg4 53. Ne2 e5 54. Kf1 Ke6 55. Nf4+ Kd6 56. Ng2 Nd4 57. Nh4 Ke6 58.
Re4 Rb1+ 59. Kg2 Rb2 60. Rxg4 Nc2 61. Rg6+ Kd5 62. Kf1 Rb1+ 63. Kg2 Rb2 64. Nf5 Ne1+ 65. Kf1 Nf3 66. Ne3+ Ke4 67. Rg4+ Kd3 68. Kg2 e4 69.
Rg8 Rb1 70. Rd8+ Ke2 71. Ng4 Rg1+ 72. Kh3 Kf1 73. Re8 Rh1+ 74. Nh2+ Rxh2+ 75. Kg4 Nd2 76. Rd8 Rxf2 77. Re8 Ke2 78. Kh5 e3 79. g4 Rh2+ 80.
Kg6 Nf3 81. Kf5 Kf2 82. g5 e2 83. g6 Nh4+ 84. Kg5 Nxg6 85. Kxg6 e1=Q 86. Rxe1 Kxe1 0-1

[Event "*** SCC Grand Prix: Titled Tuesday Blitz"]
[Site "Chess.com"]
[Date "2020.06.23"]
[Round "6"]
[White "Schandenfreude"]
[Black "alexrustemov"]
[Result "1/2-1/2"]
[WhiteElo "2528"]
[BlackElo "2730"]
[TimeControl "180+1"]
[EndTime "11:09:01 PDT"]
[Termination "Game drawn by 50-move rule"]

1. Nf3 d5 2. e3 Nf6 3. c4 c6 4.
Nc3 a6 5. Qc2 Bg4 6. Ne5 Bh5 7.
d4 e6 8. c5 Nbd7 9. f4 Nxe5 10.
fxe5 Nd7 11. Be2 Qh4+ 12. g3 Qh3 13. Bxh5 Qxh5 14. O-O Be7 15. Ne2 Bg5 16. Nf4 Bxf4 17. exf4 Qf5 18. Qxf5 exf5 19. Bd2 Nf8 20. b4 Ne6 21. Be3 h5 22. h3 Kd7 23. a4 Rhb8 24. a5 Rh8 25. Kf2 Rh6 26. Rh1 Rah8 27. Rag1 Nc7 28.
Bc1 Ke6 29. Kf3 Nb5 30. Bb2 Rg6 31. Rg2 Rh7 32. Rgg1 Nc7 33. Rg2 Ke7 34. Rgg1 Ne6 35. Rg2 Rgh6 36. Rgg1 g5 37. h4 gxf4 38. gxf4 Rg7 39.
Rg5 Nxg5+ 40. fxg5 Rh8 41. Kf4 Ke6 42. Re1 Rg6 43. Bc3 Re8 44. Bb2 Ke7 45. Kxf5 Kf8 46. Bc3 Kg7 47. Rf1 Rge6 48. Rg1 R6e7 49. Rg2 Re6 50.
Rg1 Rg6 51. Rg2 Kh7 52. Rg3 Rf8 53. Rf3 Re8 54. Re3 Kg7 55. Bd2 Rge6 56. Rf3 Rg6 57. Rf2 Kg8 58. Rf1 Rf8 59. Rf2 Kg7 60. Rf1 Re8 61. Rf2 Ree6 62. Bf4 Kg8 63. Rf1 Kf8 64.
Rf2 Ke7 65. Rf1 Rg8 66. Rf2 Rgg6 67. Rf1 Rg7 68. Rf2 Ke8 69. Rf1 Rg8 70. Rf2 Ke7 71.
Rf1 Reg6 72. Rf2 R6g7 73. Rf1 Rg6 74. Rf2 Re6 75. Rf1 Ke8 76. Rf2 Rgg6 77. Rf1 Kf8 78. Rf2 Kg7 79. Rf1 Kg8 80. Rf2 Kh7 81. Rf1 Rg8 82. Rf2 Kg7 83. Rf1 Rge8 84. Rf2 R6e7 85. Rf1 Re6 86. Rf2 Rf8 87. Rf1 Kg8 88. Rf2 Rg6 89. Rf1 Kg7 90. Rf2 Re8 91. Rf1 Re7 92.
Rf2 Kg8 93. Rf1 Rge6 94. Rf2 Kg7 95. Rf1 1/2-1/2

[Event "*** SCC Grand Prix: Titled Tuesday Blitz"]
[Site "Chess.com"]
[Date "2020.06.23"]
[Round "6"]
[White "Bulldog167"]
[Black "Salem-AR"]
[Result "0-1"]
[WhiteElo "2785"]
[BlackElo "2934"]
[TimeControl "180+1"]
[EndTime "11:09:22 PDT"]
[Termination "Salem-AR won by checkmate"]

1. d4 Nf6 2. c4 g6 3. Nc3 Bg7 4. e4 O-O 5. h3 d6 6. Be3 e6 7. Nf3 Nbd7 8. Be2 e5 9. d5 Nh5 10.
g3 a5 11. Nd2 Nhf6 12. g4 Nc5 13. h4 c6 14. g5 Nfd7 15. h5 a4 16. Nf1 f5 17. h6 Bh8 18. f3 f4 19. Bxc5 Nxc5 20.
Rg1 Qb6 21. Qd2 Nxe4 22. Nxe4 Qxg1 23. dxc6 bxc6 24. Qxd6 Qd4 25. c5 Ba6 26. Qe6+ Rf7 27. Bxa6 Rxa6 28. Rd1 Qb4+ 29. Kf2 Ra8 30. Rd7 Rf8 31.
Rxf7 Rxf7 32. Kg1 Qd4+ 33. Kh1 Qd5 34. Qg4 Rf8 35. Nfd2 Qxa2 36. Qd7 Qd5 37. Qa7 Qe6 38. Kg2 Rd8 39. Qc7 Qd7 40. Qb6 Rc8 41. Qa6 Rd8 42. Qc4+ Qd5 43. Qxa4 Qd3 44. Qc4+ Qxc4 45. Nxc4 Rd4 46. Ncd6 Rb4 47. Kf2 Rxb2+ 48. Ke1 Kf8 49. Kd1 Ke7 50. Kc1 Rb3 51. Nd2 Rc3+ 52. Kd1 Rxc5 53.
N6e4 Ra5 54. Ke2 Ra2 55. Kd3 Ra3+ 56. Ke2 Re3+ 57. Kf2 Ke6 58. Nc4 Rb3 59. Ncd6 Rb2+ 60. Ke1 Ra2 61. Nb7 Ra1+ 62. Ke2 Ra3 63. Nbc5+ Kf5 64.
Nd7 Re3+ 65. Kf2 Rxe4 66. fxe4+ Kxe4 67. Nf6+ Kf5 68. Nxh7 e4 69. Nf6 Kxg5 70. Nxe4+ Kf5 71. Kf3 g5 72. Nd6+ Kg6 73. Kg4 c5 74. Ne4 c4 75.
Nxg5 c3 76. Ne6 Be5 77. h7 Kxh7 78. Ng5+ Kg6 79. Nf3 Bf6 80. Ne1 Be5 81. Nf3 Kf6 82. Ne1 Ke6 83. Kf3 Kd5 84. Nc2 Kc4 85. Ke4 Bc7 86. Ne1 Bb8 87. Nc2 Bd6 88. Ne1 Kb3 89. Kd3 Bc5 90. Nf3 c2 91. Nd2+ Kb2 92. Nc4+ Kc1 93.
Kc3 Be7 94. Kd3 Bf6 95. Nd2 Kd1 96. Ne4 c1=Q 97. Nf2+ Ke1 98. Ne4 Qe3+ 99. Kc4 Qxe4+ 100. Kb3 Qd3+ 101. Ka2 Qb5 102. Ka3 Bg7 103. Ka2 Qb2# 0-1

[Event "*** SCC Grand Prix: Titled Tuesday Blitz"]
[Site "Chess.com"]
[Date "2020.06.23"]
[Round "6"]
[White "petrkostenko"]
[Black "Twitch_ElhamBlitz05"]
[Result "1/2-1/2"]
[WhiteElo "2526"]
[BlackElo "2762"]
[TimeControl "180+1"]
[EndTime "11:09:58 PDT"]
[Termination "Game drawn - insufficient material"]

1. e4 c6 2. d4 d5 3. exd5 cxd5 4.
Bd3 Nf6 5. c3 g6 6. Bf4 Bg7 7.
Nf3 O-O 8. O-O Nc6 9. Re1 Bf5 10. Bxf5 gxf5 11. Nbd2 e6 12. Nb3 Ne4 13. Nc1 Kh8 14. Nd3 Rg8 15. Qe2 Qe7 16. Nfe5 Nxe5 17. Bxe5 Bxe5 18.
Nxe5 Rg7 19. f3 Nf6 20. Qd2 Nd7 21. Nd3 Rag8 22. Re2 Qd6 23. Rae1 a6 24. a3 b6 25.
Qf4 Qxf4 26. Nxf4 Rb8 27. Kf2 Rgg8 28. h3 Rgc8 29. g4 fxg4 30. hxg4 Kg8 31. Kg3 b5 32. Rh1 Nf8 33. Nd3 a5 34. f4 Re8 35. Kf3 Kg7 36. Reh2 f6 37. Rh6 Rb7 38. Nc5 Rf7 39.
Nb3 b4 40. cxb4 axb4 41. a4 Rc7 42. R6h2 Rc4 43. a5 e5 44. fxe5 fxe5 45. Rh5 Rc2 46.
Rxe5 Rxe5 47. dxe5 Rxb2 48. Nd4 Ra2 49. e6 Ng6 50. g5 Rxa5 51. Nf5+ Kg8 52. e7 Ra8 53. Re1 Re8 54. Re2 b3 55. Rb2 Nxe7 56. Nxe7+ Rxe7 57. Rxb3 Rd7 58. Rb6 d4 59. Ke2 Kg7 60. Kd2 Rd5 61. Kd3 Rxg5 62. Kxd4 Rf5 63. Ke4 Rf8 64. Rb5 Kg6 65.
Rb6+ Kg5 66. Rb5+ Kg4 67. Rb7 Re8+ 68. Kd3 h5 69. Rg7+ Kf3 70. Rf7+ Kg3 71. Rg7+ Kh2 72. Rh7 h4 73. Rxh4+ Kg3 74. Re4 Ra8 75. Rc4 Kf3 76. Kd4 Kf4 77. Rc5 Ra1 78. Kd5 Kf5 79. Kd6+ Kf6 80. Kd5 Rd1+ 81. Kc6 Ke6 82. Rc4 Rd6+ 83. Kc5 Rd1 84. Re4+ Kf5 85. Rd4 Ra1 86. Kc4 Ke5 87.
Rd5+ Ke4 88. Rb5 Rc1+ 89. Kb4 Kd4 90. Ka5 Kc4 91. Kb6 Rh1 92. Rc5+ Kd4 93. Rb5 Rh8 94. Rb4+ Kd5 95. Rb5+ Kd6 96. Ka5 Rh4 97. Rb6+ Kc5 98.
Rb5+ Kc6 99. Rb6+ Kc7 100. Rg6 Rd4 101. Kb5 Rd6 102. Rxd6 Kxd6 1/2-1/2

[Event "*** SCC Grand Prix: Titled Tuesday Blitz"]
[Site "Chess.com"]
[Date "2020.06.23"]
[Round "7"]
[White "EnergeticHay"]
[Black "dopolian"]
[Result "0-1"]
[WhiteElo "2196"]
[BlackElo "2361"]
[TimeControl "180+1"]
[EndTime "11:11:30 PDT"]
[Termination "dopolian won by resignation"]

1. e4 e5 2. Nf3 Nc6 3. Bc4 Bc5 4. c3 Nf6 5. d4 exd4 6. e5 d5 7. Bb5 Ne4 8. cxd4 Bb6 9. Nc3 O-O 10. Be3 f6 11. exf6 Rxf6 12. Qc2 Bf5 13. Bd3 Nb4 14. Qd1 Nxd3+ 15. Qxd3 Nxf2 0-1

[Event "*** SCC Grand Prix: Titled Tuesday Blitz"]
[Site "Chess.com"]
[Date "2020.06.23"]
[Round "7"]
[White "RianKapriaga"]
[Black "MF1966Idrisov"]
[Result "0-1"]
[WhiteElo "2176"]
[BlackElo "2349"]
[TimeControl "180+1"]
[EndTime "11:12:08 PDT"]
[Termination "MF1966Idrisov won by resignation"]

1. d4 d6 2. Nf3 f5 3. c4 Nf6 4. Nc3 e6 5. Bg5 Be7 6. Bxf6 Bxf6 7. e4 fxe4 8. Nxe4 O-O 9. Bd3 Nc6 10. h4 Nxd4 11. Nfg5 h6 12. Nxf6+ Qxf6 13. Qe2 Nxe2 0-1

[Event "*** SCC Grand Prix: Titled Tuesday Blitz"]
[Site "Chess.com"]
[Date "2020.06.23"]
[Round "7"]
[White "FMJoseHerrera"]
[Black "Chess_Boxer123"]
[Result "1-0"]
[WhiteElo "2586"]
[BlackElo "2714"]
[TimeControl "180+1"]
[EndTime "11:12:35 PDT"]
[Termination "FMJoseHerrera won by resignation"]

1. Nf3 d5 2. g3 g6 3. Bg2 Bg7 4. d3 e5 5. Nc3 Ne7 6. h4 h5 7.
Bg5 c6 8. Qd2 f6 9. d4 e4 10.
Bxf6 Bxf6 11. Ne5 Qc7 12. O-O-O Bxe5 13. dxe5 Qxe5 14. f4 Qf6 15. Bxe4 dxe4 16. Nxe4 Qg7 17. Qd8+ Kf7 18. Ng5+ Kf6 19. Qd4+ Kf5 20. Qxg7 1-0

[Event "*** SCC Grand Prix: Titled Tuesday Blitz"]
[Site "Chess.com"]
[Date "2020.06.23"]
[Round "7"]
[White "Kavyev_Ruslan"]
[Black "bascheyaro"]
[Result "0-1"]
[WhiteElo "2553"]
[BlackElo "2718"]
[TimeControl "180+1"]
[EndTime "11:13:15 PDT"]
[Termination "bascheyaro won by resignation"]

1. d4 d5 2. c4 c6 3. Nf3 Nf6 4.
g3 Bf5 5. Nc3 e6 6. Nh4 Be4 7. f3 Bg6 8. Qb3 Qc7 9. Bf4 Qb6 10.
Nxg6 hxg6 11. c5 Qxb3 12. axb3 Nbd7 13. g4 a6 14. b4 Rc8 15. e3 Be7 16. Bd3 Bd8 17.
Kf2 g5 18. Bg3 g6 19. h4 gxh4 20. Rxh4 Rxh4 21. Bxh4 Nxg4+ 22. fxg4 Bxh4+ 23. Kf3 e5 24. Bc2 e4+ 25. Kg2 Ke7 26. Rh1 Bg5 27. Kf2 Nf6 28. Bd1 Rb8 29. Na4 Nd7 30. Be2 Ra8 31. Ra1 Rh8 32. Kg2 Bxe3 0-1

[Event "*** SCC Grand Prix: Titled Tuesday Blitz"]
[Site "Chess.com"]
[Date "2020.06.23"]
[Round "7"]
[White "Savva09022009"]
[Black "olksuna"]
[Result "0-1"]
[WhiteElo "2452"]
[BlackElo "2606"]
[TimeControl "180+1"]
[EndTime "11:13:16 PDT"]
[Termination "olksuna won by resignation"]

1. d4 d6 2. Nc3 Nd7 3. Bf4 e5 4. dxe5 dxe5 5. Bg3 Bb4 6. Nf3 Qe7 7. a3 Bxc3+ 8. bxc3 Nh6 9. e4 O-O 10. Bc4 Rd8 11. Bh4 Nf6 12. Qe2 Bd7 13. O-O Bc6 14.
Bb5 Rd6 15. Rad1 Rad8 16. Nd2 Bxb5 0-1

[Event "*** SCC Grand Prix: Titled Tuesday Blitz"]
[Site "Chess.com"]
[Date "2020.06.23"]
[Round "7"]
[White "pooh2012"]
[Black "bgfbfbgfbgfgf"]
[Result "1-0"]
[WhiteElo "2495"]
[BlackElo "2605"]
[TimeControl "180+1"]
[EndTime "11:13:19 PDT"]
[Termination "pooh2012 won by resignation"]

1. d4 Nf6 2. Nc3 d5 3. Bf4 a6 4. e3 c5 5. Nf3 e6 6. a4 Nc6 7.
Ne5 Qb6 8. a5 Nxa5 9. Na4 Qd8 10. dxc5 Be7 11. Nb6 Bxc5 12. Nxa8 O-O 13. Nd3 Be7 14.
Bc7 1-0

[Event "*** SCC Grand Prix: Titled Tuesday Blitz"]
[Site "Chess.com"]
[Date "2020.06.23"]
[Round "7"]
[White "vovachesss"]
[Black "warmoatmeal"]
[Result "1-0"]
[WhiteElo "2578"]
[BlackElo "2311"]
[TimeControl "180+1"]
[EndTime "11:13:20 PDT"]
[Termination "vovachesss won by resignation"]

1. e4 c6 2. c4 d5 3. cxd5 cxd5 4. exd5 Nf6 5. Nc3 Nxd5 6. Bc4 e6 7. Qf3 Nxc3 8. bxc3 Nc6 9. d4 Bd6 10. Ne2 Qf6 11.
Qh5 g6 12. Qh6 Bd7 13. Bg5 Qf5 14. O-O Bf8 15. Qh4 Be7 16. Bxe7 Nxe7 17. Ng3 Qa5 18. Ne4 Bc6 19. Nd6+ Kf8 20. Qf6 1-0

[Event "*** SCC Grand Prix: Titled Tuesday Blitz"]
[Site "Chess.com"]
[Date "2020.06.23"]
[Round "7"]
[White "colegiodemadrid"]
[Black "QuintilianoR"]
[Result "0-1"]
[WhiteElo "2393"]
[BlackElo "2634"]
[TimeControl "180+1"]
[EndTime "11:13:25 PDT"]
[Termination "QuintilianoR won by resignation"]

1. e4 c5 2. Nf3 d6 3. d4 cxd4 4. Nxd4 Nf6 5. Nc3 a6 6. Qd3 Nbd7 7. Bg5 g6 8. f4 Bg7 9. O-O-O O-O 10. h4 h6 11. Be2 Qc7 12. g4 Nc5 13. Qf3 Bxg4 14.
Qg2 Bxe2 15. Ndxe2 hxg5 16. hxg5 Nfxe4 17. Nxe4 Nxe4 18.
Qxe4 Rac8 19. c3 Qc4 20. Qxe7 Rfe8 0-1

[Event "*** SCC Grand Prix: Titled Tuesday Blitz"]
[Site "Chess.com"]
[Date "2020.06.23"]
[Round "7"]
[White "KyrgyzFighter"]
[Black "Benjoneliere44"]
[Result "0-1"]
[WhiteElo "2296"]
[BlackElo "2553"]
[TimeControl "180+1"]
[EndTime "11:13:35 PDT"]
[Termination "Benjoneliere44 won by resignation"]

1. c4 d6 2. Nc3 e5 3. g3 f5 4. Bg2 Nf6 5. e3 Be7 6. Nge2 O-O 7. O-O h6 8. Rb1 g5 9. d4 e4 10. b4 Qe8 11. d5 Nbd7 12. Nb5 Bd8 13. Ned4 Ne5 14. c5 a6 15. Nc3 g4 16. Qb3 Nf3+ 17.
Nxf3 gxf3 18. Bh1 Qh5 19. cxd6 cxd6 20. Rd1 Ng4 21. h4 Bxh4 22. Qc2 Bf6 0-1

[Event "*** SCC Grand Prix: Titled Tuesday Blitz"]
[Site "Chess.com"]
[Date "2020.06.23"]
[Round "7"]
[White "TigrVShlyape"]
[Black "Evgeny81"]
[Result "1/2-1/2"]
[WhiteElo "2917"]
[BlackElo "2804"]
[TimeControl "180+1"]
[EndTime "11:13:42 PDT"]
[Termination "Game drawn by repetition"]

1. d4 Nf6 2. Nf3 d5 3. Bf4 Bf5 4. e3 e6 5. c4 Bxb1 6. Qa4+ Qd7 7. Qxd7+ Nbxd7 8. Rxb1 Bd6 9. Bxd6 cxd6 10. cxd5 Nxd5 11. Rc1 Ke7 12. Bd3 Rhc8 13. Ke2 h6 14. a3 N7b6 15. g3 Rxc1 16. Rxc1 Rc8 17. Rxc8 Nxc8 18. Be4 Ncb6 19. Nd2 Kd7 20. Kd3 Kc7 21. b3 Nf6 22. Bg2 d5 23.
Nf3 Ne4 24. Ke2 Nc3+ 25. Kd3 Ne4 26. Ke2 Nc3+ 27. Kd3 Ne4 1/2-1/2

[Event "*** SCC Grand Prix: Titled Tuesday Blitz"]
[Site "Chess.com"]
[Date "2020.06.23"]
[Round "7"]
[White "DonBroca"]
[Black "Pavel_Mir"]
[Result "0-1"]
[WhiteElo "2145"]
[BlackElo "2346"]
[TimeControl "180+1"]
[EndTime "11:13:53 PDT"]
[Termination "Pavel_Mir won by resignation"]

1. c4 g6 2. Nc3 Bg7 3. d4 d5 4. Nf3 Nf6 5. cxd5 Nxd5 6. e4 Nxc3 7. bxc3 O-O 8. Bc4 c5 9. h3 cxd4 10.
cxd4 Nc6 11. Bb2 Qa5+ 12. Qd2 Qxd2+ 13. Kxd2 Rd8 14. Ke3 Na5 15. Rac1 Nxc4+ 16. Rxc4 Be6 17. Rc7 Bxa2 18. Rxe7 b5 19. Rc1 Bh6+ 20. Ke2 Bxc1 21. Bxc1 a5 22. Ne5 Rxd4 23. Nc6 Rc4 0-1

[Event "*** SCC Grand Prix: Titled Tuesday Blitz"]
[Site "Chess.com"]
[Date "2020.06.23"]
[Round "7"]
[White "Mourinho_Jose"]
[Black "davigator"]
[Result "1-0"]
[WhiteElo "2468"]
[BlackElo "2295"]
[TimeControl "180+1"]
[EndTime "11:13:58 PDT"]
[Termination "Mourinho_Jose won by resignation"]

1. d4 Nf6 2. Nf3 e6 3. Bg5 c5 4. e3 Qb6 5. Nc3 a6 6. Qd2 d5 7. Bxf6 gxf6 8. O-O-O Bd7 9. e4 cxd4 10. Nxd4 dxe4 11. Nxe4 Be7 12. Qh6 f5 13. Nxf5 Qa5 14. Nxe7 Kxe7 15. Qf6+ 1-0

[Event "*** SCC Grand Prix: Titled Tuesday Blitz"]
[Site "Chess.com"]
[Date "2020.06.23"]
[Round "7"]
[White "Justinz"]
[Black "Bastiandash"]
[Result "1-0"]
[WhiteElo "2385"]
[BlackElo "2215"]
[TimeControl "180+1"]
[EndTime "11:14:06 PDT"]
[Termination "Justinz won by resignation"]

1. e4 c5 2. Nf3 e6 3. d4 cxd4 4.
Nxd4 a6 5. Nc3 b5 6. a3 Bb7 7. g4 Qc7 8. g5 h6 9. g6 fxg6 10. Qg4 Ne7 11. Be3 Nbc6 12. O-O-O Ne5 13. Qg3 Rc8 14.
Bf4 N7c6 15. Nxc6 Qxc6 16. Bxe5 b4 17. Qxg6+ Kd8 18. axb4 Bxb4 19. Qxg7 Re8 20. Rd3 Bxc3 21. Rxc3 Qxe4 22. Bf6+ 1-0

[Event "*** SCC Grand Prix: Titled Tuesday Blitz"]
[Site "Chess.com"]
[Date "2020.06.23"]
[Round "7"]
[White "EvgenyRomanov"]
[Black "juniortay"]
[Result "1-0"]
[WhiteElo "2633"]
[BlackElo "2402"]
[TimeControl "180+1"]
[EndTime "11:14:14 PDT"]
[Termination "EvgenyRomanov won by resignation"]

1. c4 e6 2. g3 d5 3. Bg2 c5 4.
Nf3 Nc6 5. cxd5 exd5 6. d4 Nf6 7. O-O cxd4 8. Nxd4 Bc5 9. Nxc6 bxc6 10. Qc2 Qb6 11. Nc3 Be7 12. Na4 Qa6 13. Be3 O-O 14. Bc5 Re8 15.
Bxe7 Rxe7 16. e3 h5 17. Rfc1 Kf8 18. b3 Re6 19. Nc5 Qa5 20. Nxe6+ Bxe6 21. Qxc6 Rc8 22. Qd6+ Kg8 23. Rxc8+ Bxc8 24. b4 1-0

[Event "*** SCC Grand Prix: Titled Tuesday Blitz"]
[Site "Chess.com"]
[Date "2020.06.23"]
[Round "7"]
[White "antoszu"]
[Black "alexsergeyev"]
[Result "1-0"]
[WhiteElo "2547"]
[BlackElo "2380"]
[TimeControl "180+1"]
[EndTime "11:14:20 PDT"]
[Termination "antoszu won by resignation"]

1. d4 d5 2. c4 c6 3. Nc3 Nf6 4.
Nf3 dxc4 5. a4 Bg4 6. Ne5 Bh5 7. Nxc4 e6 8. g3 c5 9. Bg2 cxd4 10. Bxb7 Qc7 11. Bxa8 dxc3 12. Qb3 Na6 13. Qb5+ Nd7 14. Qxa6 Bb4 15. O-O Bxe2 16. Nd6+ Bxd6 17. Qxe2 O-O 18. Bg2 c2 19. Bd2 Rc8 20. Bc3 1-0

[Event "*** SCC Grand Prix: Titled Tuesday Blitz"]
[Site "Chess.com"]
[Date "2020.06.23"]
[Round "7"]
[White "killer311"]
[Black "Gareth-Bale11"]
[Result "0-1"]
[WhiteElo "2416"]
[BlackElo "2722"]
[TimeControl "180+1"]
[EndTime "11:14:22 PDT"]
[Termination "Gareth-Bale11 won by resignation"]

1. d4 Nf6 2. c4 e6 3. Nc3 Bb4 4. e3 Bxc3+ 5. bxc3 c5 6. Bd3 d6 7.
Ne2 e5 8. O-O Nc6 9. f4 e4 10.
Bc2 h5 11. Ng3 Qe7 12. Ba4 h4 13. Ne2 Bd7 14. Ba3 b6 15. Rb1 Na5 16. Bxd7+ Qxd7 17. dxc5 dxc5 18. Qc2 Nxc4 19. Rbd1 Nxe3 20. Qc1 Nxd1 21.
Rxd1 Qc6 22. f5 O-O 23. Qf4 Qa4 24. Rf1 Qxa3 25. Qxh4 Rfe8 26. Qg5 Qb2 27. Nf4 Qxc3 28. h4 e3 29. h5 e2 30. h6 exf1=Q+ 0-1

[Event "*** SCC Grand Prix: Titled Tuesday Blitz"]
[Site "Chess.com"]
[Date "2020.06.23"]
[Round "7"]
[White "picturesquecheck"]
[Black "vova-79"]
[Result "1-0"]
[WhiteElo "2121"]
[BlackElo "2408"]
[TimeControl "180+1"]
[EndTime "11:14:23 PDT"]
[Termination "picturesquecheck won by checkmate"]

1. e4 e6 2. d4 d5 3. Nd2 dxe4 4. Nxe4 Nd7 5. Nf3 Ngf6 6. Ng3 Be7 7. Bd3 O-O 8. c3 c5 9. Bg5 cxd4 10. Nxd4 h6 11. Be3 Nd5 12. Bc1 Bf6 13. O-O Bxd4 14. cxd4 b6 15. Qg4 N7f6 16. Qh4 Bb7 17. Bxh6 gxh6 18. Qxh6 Nb4 19. Nh5 Nxh5 20. Qh7# 1-0

[Event "*** SCC Grand Prix: Titled Tuesday Blitz"]
[Site "Chess.com"]
[Date "2020.06.23"]
[Round "7"]
[White "deribas12345"]
[Black "kuban1991"]
[Result "0-1"]
[WhiteElo "2564"]
[BlackElo "2728"]
[TimeControl "180+1"]
[EndTime "11:14:37 PDT"]
[Termination "kuban1991 won by resignation"]

1. d4 g6 2. c4 Bg7 3. e4 Nc6 4. Be3 e5 5. d5 Nd4 6. Ne2 c5 7.
dxc6 dxc6 8. Nbc3 Ne7 9. Qd2 O-O 10. O-O-O c5 11. Nd5 a6 12. Nxd4 cxd4 13. Bh6 Be6 14.
Bxg7 Kxg7 15. h4 h5 16. f3 b5 17. g4 bxc4 18. gxh5 Nxd5 19. exd5 Qxd5 20. h6+ Kh7 21. Bg2 Rac8 22. f4 c3 23. Bxd5 cxd2+ 24. Kxd2 Bxd5 0-1

[Event "*** SCC Grand Prix: Titled Tuesday Blitz"]
[Site "Chess.com"]
[Date "2020.06.23"]
[Round "7"]
[White "SamuelGhimpu2003"]
[Black "Poghosyan_Suren"]
[Result "1-0"]
[WhiteElo "2601"]
[BlackElo "2449"]
[TimeControl "180+1"]
[EndTime "11:14:37 PDT"]
[Termination "SamuelGhimpu2003 won by resignation"]

1. f4 e5 2. fxe5 d6 3. exd6 Bxd6 4. Nf3 g5 5. g3 g4 6. Nh4 Ne7 7. e4 Ng6 8. Nf5 h5 9. d4 h4 10. Nxd6+ Qxd6 11. e5 Qd5 12. Rg1 hxg3 13. hxg3 Nc6 14. Be3 Rh2 15. Nc3 Qa5 16. Rg2 Rh1 17. Qd2 Be6 18. Ne4 Qd5 19. Nf6+ Ke7 20. Nxd5+ Bxd5 21. Rf2 1-0

[Event "*** SCC Grand Prix: Titled Tuesday Blitz"]
[Site "Chess.com"]
[Date "2020.06.23"]
[Round "7"]
[White "TimKett"]
[Black "Unknown_IM"]
[Result "0-1"]
[WhiteElo "2213"]
[BlackElo "2384"]
[TimeControl "180+1"]
[EndTime "11:14:43 PDT"]
[Termination "Unknown_IM won by resignation"]

1. e4 e6 2. d4 d5 3. Nc3 Nf6 4.
Bg5 dxe4 5. Nxe4 Be7 6. Bxf6 gxf6 7. Nf3 f5 8. Ng3 b6 9. Bc4 Bb7 10. Qe2 Nd7 11. O-O-O Nf6 12. Rhe1 Nd5 13. Ne5 Qd6 14. Qh5 O-O 15. Qh6 Qd8 16. Kb1 Bg5 17. Qh5 Nf4 0-1